Kradschützen Motorcycle Team
Construct Light Support Kompanie
le.IG 18 Support Gun Team
le.IG 18 Support Gun Team
le.IG 18 Mechanized Group
le.IG 18 Support Gun Team
Construct Panzerarmee Kommand
Selects Armored Support Battlegroup
Selects Stuka Anti-tank Loiter
Walking Stuka Rocket Launcher
Flak 36 Anti-tank Gun Team
Walking Stuka Rocket Launcher
Selects Flammpanzer III Medium Tank
Selects Command Panzer IV F Medium Tank
Flammpanzer III Medium Tank
Flammpanzer III Medium Tank
Command Panzer IV F Medium Tank
Walking Stuka Rocket Launcher
Flammpanzer III Medium Tank